 Dungeon Crawl Stone Soup version 0.24.0-13-gcf9b319 (webtiles) character file.

Game seed: 9989501404799781868, levelgen mode: deterministic

37 Bronimir the Stinger (level 3, -5/25 HPs)
             Began as a Demonspawn Venom Mage on Apr 1, 2020.
             Slain by an orc
             ... wielding a +0 trident
              (8 damage)
             ... on level 2 of the Dungeon.
             The game lasted 00:02:23 (1126 turns).

Bronimir the Stinger (Demonspawn Venom Mage)        Turns: 1126, Time: 00:02:24

Health: -5/25      AC:  3    Str:  8    XL:     3   Next: 21%
Magic:  3/6        EV: 12    Int: 17    God:
Gold:   23         SH:  0    Dex: 13    Spells: 0/6 levels left

rFire    . . .     SeeInvis .   a - +0 hand axe
rCold    . . .     Gourm    .   (no shield)
rNeg     . . .     Faith    .   g - +0 robe
rPois    .         Spirit   .   k - +0 helmet
rElec    .         Reflect  .   (no cloak)
rCorr    .         Harm     .   (no gloves)
MR       .....                  (no boots)
Stlth    +++.......             (no amulet)
HPRegen  0.08/turn              (no ring)
MPRegen  0.10/turn              (no ring)

@: no status effects
A: hooves 1, nightstalker 1
a: no special abilities


You were on level 2 of the Dungeon.
You were not hungry.

You visited 1 branch of the dungeon, and saw 2 of its levels.

You collected 23 gold pieces.

Inventory:

Hand Weapons
 a - a +0 hand axe (weapon)
 e - a cursed -3 club
Missiles
 d - 61 stones (quivered)
 i - 40 arrows
 m - 13 sling bullets
Armour
 g - a +0 robe (worn)
 k - a +0 helmet (worn)
Jewellery
 l - an uncursed ring of fire
Scrolls
 b - a scroll of teleportation {unknown}
 n - a scroll of noise {unknown}
Potions
 f - 2 potions of magic {unknown}
 h - 2 potions of mutation {unknown}
 j - a potion of invisibility {unknown}
Comestibles
 c - 5 rations
 o - a chunk of flesh


   Skills:
 * Level 0.6 Fighting
 * Level 0.2 Armour
 + Level 1.8 Dodging
 - Level 1.7 Stealth
 * Level 2.4 Spellcasting
 * Level 1.5 Conjurations
 * Level 3.5 Poison Magic


You couldn't memorise any spells.
You knew the following spells:

 Your Spells              Type           Power        Failure   Level  Hunger
a - Sting                 Conj/Pois      ##..         7%          1    #......
b - Poisonous Vapours     Pois/Air       #.....       14%         2    ##.....
c - Mephitic Cloud        Conj/Pois/Air  #.......     28%         3    ###....

Your spell library contained the following spells:

 Spells                   Type           Power        Failure   Level  Hunger
 Olgreb's Toxic Radiance  Pois           ##......     41%         4    #####..
 Venom Bolt               Conj/Pois      ##........   88%         5    ######.


Dungeon Overview and Level Annotations

Branches:
Dungeon (2/15)

Altars:


Innate Abilities, Weirdness & Mutations

You have large cloven feet.
You are slightly more attuned to the shadows.


Message History

You don't know that spell.
Casting: Sting (safe; 7% risk of failure)
Confirm with . or Enter, or press ? or * to list all spells.
You don't have enough magic to cast that spell.
Unknown command.
The orc priest mumbles some strange prayers to Beogh against you.
Pain shoots through your body!
The orc hits you from afar with a +0 trident.
You closely miss the orc priest.
You kick the orc priest, but do no damage.
You hit the orc but do no damage. The orc hits you but does no damage.
The orc priest closely misses you. The orc closely misses you.
You hit the orc priest.
The orc priest is lightly wounded.
You hit the orc. The orc hits you but does no damage.
The orc priest invokes the aid of Beogh against you.
Beogh smites you!
* * * LOW HITPOINT WARNING * * *
The orc hits you from afar with a +0 trident!
You die...

.........# #..#
.≈...≈...# #..#
.........# #..#
..oo.....# #..#
.o.oo....# #..#
.≈o..≈..# #..##
.......o#
#...#########o#
#####...........@o#
.....).>###########
#########


You could see an orc priest and 2 orcs.

Vanquished Creatures
  2 adders (D:2)
  2 dart slugs (D:1)
  A leopard gecko (D:1)
  2 giant cockroaches (D:1)
  2 goblins
  2 hobgoblins (D:1)
  2 kobolds
  A rat (D:1)
14 creatures vanquished.

Notes
Turn   | Place    | Note
-------+----------+-------------------------------------------
     0 | D:1      | Bronimir the Demonspawn Venom Mage began the quest for the
                  | Orb.
     0 | D:1      | Reached XP level 1. HP: 13/13 MP: 3/3
   384 | D:1      | Gained mutation: You have large cloven feet. [demonic
                  | ancestry]
   384 | D:1      | Reached XP level 2. HP: 19/19 MP: 1/5
   394 | D:1      | Learned a level 2 spell: Poisonous Vapours
  1098 | D:2      | Gained mutation: You are slightly more attuned to the
                  | shadows. [demonic ancestry]
  1098 | D:2      | Reached XP level 3. HP: 25/25 MP: 0/6
  1103 | D:2      | Learned a level 3 spell: Mephitic Cloud
  1126 | D:2      | Slain by an orc

Levels and vault maps discovered:
D:1:      kennysheep_arrival_forest, layout_loops_ring
D:2:      cheibrodos_pilgrimage, layout_basic

Action                   || total
-------------------------++-------
Melee: Unarmed           ||    22
       Hand axe          ||    10
       Kick              ||     4
 Cast: Sting             ||    28
       Poisonous Vapours ||     2
 Stab: Sleeping          ||     1
  Eat: Chunk             ||     1
Armor: Robe              ||     9
Dodge: Dodged            ||    31
